 Dungeon Sprint DCSS version 0.28-a0-71-g84acfa7270 (webtiles) character file.

Game seed: 7462841511941480600

54 Zeldest the Insei (level 6, -12/57 HPs)
             Began as a Demigod Transmuter on Aug 2, 2021.
             Mangled by a naga (18 damage)
             ... in the Dungeon (Sprint VI: "Thunderdome").
             The game lasted 00:03:03 (381 turns).

Zeldest the Insei (Demigod Transmuter)               Turns: 381, Time: 00:03:04

Health: -12/57     AC:  2    Str: 11    XL:     6   Next: 61%
Magic:  10/11      EV: 13    Int: 15    God:
Gold:   280        SH:  0    Dex: 22    Spells: 5/8 levels left

rFire   . . .      SeeInvis .     - Unarmed
rCold   . . .      Faith    .   (no shield)
rNeg    . . .      Spirit   .   a - +0 robe
rPois   .          Reflect  .   (no helmet)
rElec   .          Harm     .   (no cloak)
rCorr   .          Rampage  .   (no gloves)
Will    .....      NoTele   +   (no boots)
Stlth   ++........              (no amulet)
HPRegen 0.19/turn               (no ring)
MPRegen 0.12/turn               (no ring)

@: wereblooded, hasted, constricted, very quick
A: high mp 1, forlorn
a: no special abilities


You were in the Dungeon.
You visited 1 branch You collected 280 gold pieces.

Inventory:

Armour
 a - a +0 robe (worn)
Scrolls
 g - 4 scrolls of blinking
 k - 3 scrolls of fog
Potions
 d - 3 potions of haste
 e - 2 potions of magic
 f - a potion of berserk rage
 h - a potion of resistance


   Skills:
 + Level 6.0 Fighting
 + Level 6.3 Dodging
 + Level 6.6 Unarmed Combat
 - Level 1.7 Spellcasting
 + Level 6.3 Transmutations
 + Level 5.9 Air Magic


You had 5 spell levels left.
You knew the following spells:

 Your Spells              Type           Power      Damage    Failure   Level
a - Beastly Appendage     Tmut           40%        N/A       1%          1
b - Wereblood             Tmut           20%        N/A       2%          2

Your spell library contained the following spells:

 Spells                   Type           Power      Damage    Failure   Level
 Spider Form              Tmut/Pois      5%         N/A       19%         3
 Ice Form                 Ice/Tmut       10%        N/A       52%         4


Dungeon Overview and Level Annotations

Branches:
Dungeon (1/1)

Shops:
D *[??*?*:[((!!!!


Innate Abilities, Weirdness & Mutations

Your attributes grow dramatically as you level up.
You have an increased reservoir of magic. (+10% MP)
You shall have no god before yourself.


Message History

You howl as the wereblood boils in your veins!
You barely miss the water moccasin. Your kick misses the water moccasin.
The water moccasin is severely wounded.
The water moccasin bites you! The water moccasin bites you.
You closely miss the water moccasin. Your kick misses the water moccasin.
You headbutt the water moccasin.
The water moccasin is almost dead.
The water moccasin bites you.
You punch the water moccasin!
You feel a bit better.
You kill the water moccasin!
Your Fighting skill increases to level 6!
You howl as the wereblood boils in your veins!
Your transformation is almost over.
You see here a water moccasin corpse.
A naga comes into view. It is wielding a +0 glaive.
The naga spits poison at you. The splash of poison misses you.
You feel yourself speed up.
Okay, then.
The naga barely misses you.
A ball python comes into view.
You howl as the wereblood boils in your veins!
The ball python hisses angrily.
You hit the naga but do no damage. Your kick misses the naga.
You howl as the wereblood boils in your veins!
The naga closely misses you. The naga grabs you. The naga constricts you.
You punch the naga!
You headbutt the naga, but do no damage.
The naga is moderately wounded.
You howl as the wereblood boils in your veins!
Your horns disappear.
Your talons disappear.
You punch the naga!
The naga is severely wounded.
The naga hits you with a +0 glaive!!
* * * LOW HITPOINT WARNING * * *
x2 The naga constricts you.
You hit the naga but do no damage.
The naga is severely wounded.
The naga hits you with a +0 glaive!!
You die...

##∩........8.# #.8........∩###
.............###.............##
..........###...###.†........⌠#
..........# #.<.# #..........⌠#
..........###...###..........⌠#
.............###.............##
##∩........8.# #.8........∩###
##∩.__......###......___∩##
######.8...S.@...8.######
#⌠.....N.....⌠# ###.........###
#_......._# #_......._#
#_........# #∩.......∩#
##∩.....∩## ##.....##


You could see a naga and a ball python.

Vanquished Creatures
  A water moccasin (D)
  5 scorpions (D)
  3 jellies (D)
  An adder (D)
  3 endoplasms (D)
13 creatures vanquished.

Notes
Turn   | Place    | Note
-------+----------+-------------------------------------------
     0 | D        | Zeldest the Demigod Transmuter began the quest for the Orb.
     0 | D        | Reached XP level 1. HP: 15/15 MP: 5/5
     4 | D        | Found Ymoxt's Staff Store.
     4 | D        | Found Voeququq's Magic Scroll Shop.
     5 | D        | Found Naimuo's Must-Have Magic.
     5 | D        | Found Unleolef's Magic Scroll Shop.
     5 | D        | Round 1.
    17 | D        | Found Peneluto's Jewellery.
    17 | D        | Found Xean's Advanced Armour.
    17 | D        | Found Gucul's Identification Station.
    24 | D        | Found Parill's Premium Goods.
    25 | D        | Found Fixeul's Weapon Rack.
    25 | D        | Found Emusimext's Miscellaneous Merchandise.
    25 | D        | Found Qunles's Basic Armour.
    29 | D        | Noticed a scorpion
    36 | D        | Killed a scorpion
    36 | D        | Noticed a scorpion
    37 | D        | Reached XP level 2. HP: 21/25 MP: 4/7
    37 | D        | Reached XP level 3. HP: 25/30 MP: 4/8
    42 | D        | Killed a scorpion
    43 | D        | Reached XP level 4. HP: 34/40 MP: 5/9
    79 | D        | Found Vucahul's Do-It-Yourself Clinic.
    79 | D        | Found Kafacass's Distillery.
    80 | D        | Found Voduebbe's Bottled Wisdom.
    80 | D        | Found Xumailuj's Distillery.
    99 | D        | Reached skill level 5 in Unarmed Combat
    99 | D        | Reached XP level 5. HP: 37/47 MP: 10/10
   118 | D        | HP: 2/47 [scorpion (9)]
   124 | D        | Reached skill level 5 in Dodging
   124 | D        | Reached skill level 5 in Transmutations
   125 | D        | Arena points: 12 (+12) [x2]
   126 | D        | Reached skill level 5 in Fighting
   126 | D        | Reached skill level 5 in Air Magic
   177 | D        | Round 2.
   190 | D        | Reached XP level 6. HP: 28/56 MP: 9/11
   275 | D        | Learned a level 2 spell: Wereblood
   290 | D        | Arena points: 54 (+42) [x3]
   356 | D        | Round 3.
   360 | D        | Noticed a water moccasin
   368 | D        | Killed a water moccasin
   372 | D        | Noticed a naga
   381 | D        | Mangled by a naga

Illustrated notes

Levels and vault maps discovered:
D:        arena_sprint

Skill      XL: |  1  2  3  4  5  6 |
---------------+-------------------+-----
Fighting       | 2 3 4 5 6 |  6.0
Dodging        | 3 4 5 6 |  6.3
Unarmed Combat | 4 5 6 |  6.6
Transmutations | 3 4 5 6 |  6.3
Air Magic      | 2 3 4 5 |  5.9
Spellcasting   | |  1.7

Action                   |  1- 3 |  4- 6 || total
-------------------------+-------+-------++-------
Melee: Unarmed           |     2 |    41 ||    43
       Kick              |     1 |    10 ||    11
       Headbutt          |       |     8 ||     8
 Cast: Beastly Appendage |     1 |     8 ||     9
       Wereblood         |       |     1 ||     1
Evoke: Wand              |     5 |     5 ||    10
  Use: Potion            |       |     6 ||     6
Armor: Robe              |     1 |     2 ||     3
Dodge: Dodged            |     3 |    28 ||    31

Table legend: (Time is in decaauts)
 A = Elapsed time spent in this place.
 B = Non-inter-level travel time spent in this place.
 C = Inter-level travel time spent in this place.
 D = Time resting spent in this place.
 E = Time spent auto-exploring this place.
 F = Levels seen in this place.
 G = Mean time per level.
                   A        B        C        D        E       F      G
               +--------+--------+--------+--------+--------+-----+--------+
         Total |    375 |    375 |      0 |    118 |     17 |   1 |  375.0 |
       Dungeon |    375 |    375 |      0 |    118 |     17 |   1 |  375.0 |
               +--------+--------+--------+--------+--------+-----+--------+

Top non-repeatable levels by time:
       D: 375 daAuts
